 Dungeon Crawl Stone Soup version 0.28-a0-60-g54b5640690 (webtiles) character file.

Game seed: 4129008318124507843

12623 arson the Fighter (level 11, -2/102 HPs)
             Began as a Minotaur Monk on July 30, 2021.
             Was a Priest of Wu Jian.
             Succumbed to a black mamba's poison
             ... on level 11 of the Dungeon.
             The game lasted 00:37:50 (16771 turns).

arson the Fighter (Minotaur Monk)                  Turns: 16771, Time: 00:37:51

Health: -2/102     AC: 10    Str: 21    XL:     11   Next: 64%
Magic:  10/10      EV: 21    Int:  7    God:    Wu Jian [***...]
Gold:   394        SH:  0    Dex: 22    Spells: 10/10 levels left

rFire   . . .      SeeInvis .   a - +5 quarterstaff of the Globe {venom, Dex+3}
rCold   . . .      Faith    .   (shield currently unavailable)
rNeg    + . .      Spirit   .   L - +1 scale mail "Qoozxopt" {Rampage rN+ Dex+2 Stlth-}
rPois   .          Reflect  .   (helmet restricted)
rElec   .          Harm     .   g - +0 cloak
rCorr   .          Rampage  +   h - +0 pair of gloves
Will    .....                   y - +0 pair of boots
Stlth   ++........              (no amulet)
HPRegen 0.27/turn               d - +6 ring of strength
MPRegen 0.12/turn               B - +4 ring of evasion

@: lethally poisoned (-2 -> -25), flying
A: horns 2, retaliatory headbutt
a: Renounce Religion, Wall Jump, Serpent's Lash


You were on level 11 of the Dungeon.
You worshipped Wu Jian.
Wu Jian was most pleased with you.
You visited 3 branches of the dungeon, and saw 13 of its levels.
You also visited: Sewer.

You collected 628 gold pieces.
You spent 234 gold pieces at shops.

Inventory:

Hand Weapons
 a - the +5 quarterstaff of the Globe (weapon) {venom, Dex+3}
   (You bought it in a shop on level 5 of the Dungeon)

   It poisons the flesh of those it strikes.
   Dex:       It affects your dexterity (+3).
 Q - a +1 short sword of holy wrath
Armour
 e - a +1 kite shield of positive energy
 g - a +0 cloak (worn)
 h - a +0 pair of gloves (worn)
 w - a +3 leather armour
 y - a +0 pair of boots (worn)
 H - +0 swamp dragon scales
 L - the +1 scale mail "Qoozxopt" (worn) {Rampage rN+ Dex+2 Stlth-}
   (You found it on level 9 of the Dungeon)

   Dex:       It affects your dexterity (+2).
   rN:        It protects you from negative energy.
   Rampage:   It bestows one free step when moving towards enemies.
   Stlth:     It makes you less stealthy.
 R - a +4 plate armour
Jewellery
 d - a +6 ring of strength (left hand)
 o - a ring of flight
 t - a ring of protection from fire
 B - a +4 ring of evasion (right hand)
 D - a ring of poison resistance
 F - a +6 ring of dexterity
 O - a ring of ice
Wands
 j - a wand of iceblast (7)
 M - a wand of flame (13)
 N - a wand of digging (5)
 T - a wand of acid (8)
 U - a wand of charming (7)
Scrolls
 b - a scroll of summoning
 l - 3 scrolls of teleportation
 q - a scroll of magic mapping {unknown}
 x - a scroll of noise {unknown}
 z - a scroll of immolation {unknown}
 C - a scroll of blinking {unknown}
 G - a scroll of enchant armour
 I - a scroll of amnesia {unknown}
 K - a scroll of identify {unknown}
 P - a scroll of silence {unknown}
 S - a scroll of vulnerability {unknown}
Potions
 c - 3 potions of lignification {unknown}
 f - 4 potions of flight
 i - 2 potions of degeneration {unknown}
 k - 2 potions of might {unknown}
 m - 4 potions of heal wounds {unknown}
 n - a potion of attraction {unknown}
 p - 2 potions of haste {unknown}
 r - a potion of resistance {unknown}
 s - a potion of magic {unknown}
 u - a potion of cancellation {unknown}
 v - 2 potions of curing {unknown}
 A - a potion of ambrosia {unknown}
 E - 2 potions of brilliance {unknown}


   Skills:
 - Level 11.2 Fighting
 * Level 8.6 Staves
 - Level 10.2 Dodging
 - Level 7.6 Stealth
 - Level 10.3 Unarmed Combat


You had 10 spell levels left.
You didn't know any spells.
Your spell library contained the following spells:

 Spells                   Type           Power      Damage    Failure   Level
 Animate Skeleton         Necr           0%         N/A       80%         1
 Pain                     Necr           0%         1d4       80%         1
 Blink                    Tloc           N/A        N/A       90%         2
 Gell's Gravitas          Tloc           0%         N/A       99%         3
 Lesser Beckoning         Tloc           0%         N/A       99%         3
 Stone Arrow              Conj/Erth      0%         3d7       99%         3
 Teleport Other           Tloc           0%         N/A       99%         3
 Vampiric Draining        Necr           0%         2d6       99%         3
 Bolt of Magma            Conj/Fire/Erth 0%         4d4       100%        5
 Manifold Assault         Tloc           0%         N/A       100%        5
 Dispersal                Tloc           0%         N/A       100%        6
 Shatter                  Erth           0%         3d5*      100%        9


Dungeon Overview and Level Annotations

Branches:
Dungeon (11/15)            Temple (1/1) D:7            Lair (1/6) D:11
    Orc (0/2) D:11          Sewer (visited)

Altars:
Ashenzari
Cheibriados
Dithmenos
Elyvilon
Fedhas
Gozag
Hepliaklqana
Kikubaaqudgha
Makhleb
Nemelex Xobeh
Okawaru
Qazlal
Ru
Sif Muna
Trog
Uskayaw
Vehumet
Wu Jian
Xom
Yredelemnul
Zin
The Shining One
Beogh

Shops:
D:5 ((   D:8 *

Annotations:
D:4 2 transporters, Foolio's ghost, amateur GnFi
D:11 2 transporters, Bob's ghost, journeyman DrAE


Innate Abilities, Weirdness & Mutations

You have a pair of horns on your head.
You reflexively headbutt those who attack you in melee.


Message History

The black mamba is caught in the net!
The black mamba is lightly wounded.
The black mamba struggles against the net. x2
You rampage towards the black mamba!
The black mamba struggles against the net. x2
The net rips apart, and the black mamba comes free!
You closely miss the black mamba. Your headbutt misses the black mamba.
The black mamba is lightly wounded.
The black mamba misses you. You furiously retaliate!
You headbutt the black mamba. The black mamba closely misses you.
You thump the black mamba! You headbutt the black mamba.
The black mamba is severely wounded.
The black mamba completely misses you.
You hit the black mamba.
The black mamba is severely wounded.
The black mamba completely misses you. The cane toad misses you.
The black mamba bites you!
* * * LOW HITPOINT WARNING * * *
You sock the cane toad!
You kill the cane toad!
The Council accepts your kill. The black mamba misses you. x2
Your life force feels restored.
You bludgeon the hell rat!!
You kill the hell rat!
The Council accepts your kill. The black mamba misses you.
You furiously retaliate!
You headbutt the black mamba, but do no damage.
You thump the black mamba!
The black mamba is severely wounded.
The black mamba completely misses you. You furiously retaliate!
You headbutt the black mamba, but do no damage.
The black mamba bites you!
* * * LOW HITPOINT WARNING * * *
You are lethally poisoned!
The black mamba poisons you!
It was a potion of flight.
You feel very buoyant.
You fly up into the air.
You die...

.........# #...........# ######
.........# #####.......# #.....
.........### #.......#####.....
.........'.## #.......##........
.........#..####.......##.##....>
.........##....'.......'..##.....
.........#######.......#####.....
.........# #S......# #.....
.........# #@......# #.....
.........# #.......# #.....
.........# #.......# ######
.........# ######### ##########


You could see a black mamba.

Vanquished Creatures
  3 death yaks
  Pikel (D:9)
  A deep elf pyromancer (D:10)
  An ugly thing (D:10)
  A cyclops (D:11)
  6 centaur zombies
  A gargoyle (D:11)
  A cane toad (D:11)
  Maggie (D:8)
  3 trolls
  A hornet (D:9)
  Grinder (D:3)
  2 shadows
  A wraith (D:9)
  13 yaks
  A basilisk (D:11)
  Menkaure (D:4)
  2 water moccasins
  3 orc warriors
  An ice beast (D:6)
  A sky beast (D:6)
  3 black bears
  3 centaurs
  4 ogres
  2 lemures
  2 kobold brigands
  3 bullfrogs
  A wyvern zombie (D:7)
  3 scorpions
  4 howler monkeys
  A centaur skeleton (D:7)
  4 orc priests
  A bullfrog skeleton (D:5)
  4 hounds
  Jessica (D:3)
  Terence (D:3)
  8 orc wizards
  4 iguanas
  5 hell rats (D:11)
  A killer bee zombie (D:8)
  A hound zombie (D:5)
  Robin (D:3)
  12 gnolls
  7 adders
  7 river rats
  A shadow imp (D:6)
  5 white imps
  An ufetubus (D:5)
  An adder skeleton (D:4)
  3 worms (D:3)
  2 dart slugs
  64 orcs
  10 ball pythons
  6 endoplasms
  5 giant cockroaches
  16 goblins
  9 hobgoblins
  13 jackals
  7 quokkas
  4 bats
  8 frilled lizards
  14 kobolds
  10 rats
308 creatures vanquished.

Vanquished Creatures (others)
  3 plants (Lair:1)
3 creatures vanquished.

Grand Total: 311 creatures vanquished

Notes
Turn   | Place    | Note
-------+----------+-------------------------------------------
     0 | D:1      | arson the Minotaur Monk began the quest for the Orb.
     0 | D:1      | Reached XP level 1. HP: 19/19 MP: 0/0
   641 | D:1      | Reached XP level 2. HP: 27/27 MP: 1/1
  1377 | D:1      | Reached skill level 4 in Fighting
  1377 | D:1      | Reached XP level 3. HP: 10/33 MP: 2/2
  1830 | D:2      | Found a faded altar of an unknown god.
  1927 | D:1      | Reached XP level 4. HP: 8/40 MP: 3/3
  2623 | D:3      | Noticed Jessica
  2628 | D:3      | Killed Jessica
  2653 | D:3      | Noticed Grinder
  2663 | D:3      | Killed Grinder
  2664 | D:3      | Reached skill level 5 in Fighting
  2664 | D:3      | Reached XP level 5. HP: 20/48 MP: 4/4
  2664 | D:3      | Reached XP level 6. HP: 23/56 MP: 5/5
  2964 | D:3      | Noticed Robin
  3009 | D:3      | Killed Robin
  3176 | D:3      | Noticed Terence
  3185 | D:3      | Killed Terence
  3934 | D:4      | Reached XP level 7. HP: 61/61 MP: 6/6
  4059 | D:4      | Reached skill level 5 in Dodging
  4063 | D:4      | Reached skill level 5 in Unarmed Combat
  4136 | D:4      | Noticed Menkaure
  4145 | D:4      | Killed Menkaure
  4146 | D:4      | Reached skill level 5 in Stealth
  4541 | D:4      | Found a transporter.
  4551 | D:4      | Noticed Foolio's ghost (amateur GnFi)
  4553 | D:4      | Found a transporter.
  4595 | D:4      | Found a hide-covered altar of Uskayaw.
  4601 | D:4      | Found a glowing silver altar of Zin.
  4603 | D:4      | Found a hazy altar of Hepliaklqana.
  4603 | D:4      | Found a blossoming altar of Fedhas.
  4603 | D:4      | Found a glowing golden altar of the Shining One.
  4604 | D:4      | Found a stormy altar of Qazlal.
  4607 | D:4      | Found a shadowy altar of Dithmenos.
  4608 | D:4      | Found a radiant altar of Vehumet.
  4893 | D:5      | Entered Level 5 of the Dungeon
  4938 | D:5      | Found a glowing drain.
  4945 | D:5      | Reached skill level 6 in Fighting
  4981 | Sewer    | Entered a sewer
  5534 | D:5      | Reached XP level 8. HP: 60/70 MP: 7/7
  5664 | D:5      | Noticed a troll
  5666 | D:5      | Noticed a komodo dragon
  6002 | D:5      | Found Veicliott's Weapon Shop.
  6280 | D:5      | Found Goxuw's Antique Weapon Shop.
  6758 | D:5      | Found an iron altar of Okawaru.
  6758 | D:5      | Found a basalt altar of Yredelemnul.
  7007 | D:5      | Killed a troll
  7190 | D:6      | Reached skill level 7 in Fighting
  7661 | D:6      | Reached XP level 9. HP: 33/79 MP: 8/8
  8139 | D:6      | Found a bloodstained altar of Trog.
  8286 | D:6      | You are sucked into a shaft and drop 2 floors!
  9171 | D:7      | Reached skill level 8 in Fighting
  9705 | D:7      | Found a staircase to the Ecumenical Temple.
  9711 | Temple   | Entered the Ecumenical Temple
  9757 | Temple   | Became a worshipper of the Wu Jian Council
  9757 | Temple   | Reached * piety under Wu Jian
  9757 | Temple   | Reached ** piety under Wu Jian
 10357 | D:8      | Noticed Maggie
 10364 | D:8      | Killed Maggie
 10956 | D:8      | Reached skill level 9 in Fighting
 11043 | D:8      | Found Pixzac's Assorted Antiques.
 11245 | D:9      | Noticed Pikel
 11260 | D:8      | Reached XP level 10. HP: 75/91 MP: 9/9
 11812 | D:9      | Paralysed by a hornet for 2 turns
 11817 | D:9      | Paralysed by a hornet for 1 turns
 12474 | D:9      | Killed Pikel
 12475 | D:9      | Reached skill level 10 in Fighting
 12950 | D:9      | Identified the +1 scale mail "Qoozxopt" {Rampage rN+ Dex+2
                  | Stlth-}
 13100 | D:10     | Entered Level 10 of the Dungeon
 13532 | D:10     | Found a sparkling altar of Nemelex Xobeh.
 13532 | D:10     | Found an opulent altar of Gozag.
 13584 | D:10     | Noticed a cyan ugly thing
 13605 | D:10     | Killed a cyan ugly thing
 14221 | D:10     | Reached *** piety under Wu Jian
 14282 | D:10     | Reached skill level 10 in Unarmed Combat
 14294 | D:10     | Reached skill level 10 in Dodging
 14294 | D:10     | Reached XP level 11. HP: 101/101 MP: 10/10
 14444 | D:10     | Reached skill level 11 in Fighting
 14619 | D:10     | Noticed a deep elf pyromancer
 14626 | D:10     | Killed a deep elf pyromancer
 15146 | D:5      | Bought an encrusted quarterstaff for 234 gold pieces
 15146 | D:5      | Identified the +5 quarterstaff of the Globe {venom, Dex+3}
                  | (You bought it in a shop on level 5 of the Dungeon)
 15353 | D:11     | Found a staircase to the Lair.
 15353 | D:11     | Noticed a death yak
 15353 | D:11     | Noticed a death yak
 15354 | D:11     | Noticed a death yak
 15370 | D:10     | Killed a death yak
 15521 | D:11     | Found a staircase to the Orcish Mines.
 15569 | D:11     | Found a transporter.
 15569 | D:11     | Noticed Bob's ghost (journeyman DrAE)
 15574 | D:11     | Found a transporter.
 15655 | D:11     | Reached skill level 5 in Staves
 15946 | D:10     | Killed a death yak
 16365 | D:11     | Killed a death yak
 16635 | Lair:1   | Entered Level 1 of the Lair of Beasts
 16770 | D:11     | HP: 4/102 [black mamba (12)]
 16771 | D:11     | Succumbed to a black mamba's poison

Illustrated notes

Levels and vault maps discovered:
D:1:      dpeg_arrival_pond, layout_loops_corners, grunt_decor_arrowhead
D:2:      layout_basic, hellmonk_ecumenical_altar_prayer_group,
          uniq_crazy_yiuf_cottage
D:3:      layout_basic, grunt_ministairs_7, nicolae_underground_beach,
          uniq_grinder, uniq_terence, uniq_jessica, uniq_robin
D:4:      layout_loops_corners, minitemple, gammafunk_ghost_arena,
          serial_rivers, chequers_serial_rivers_small_a,
          chequers_serial_rivers_micro_c, chequers_serial_rivers_micro_b,
          chequers_serial_rivers_small_a, chequers_serial_rivers_room_b,
          chequers_serial_rivers_small_3, uniq_menkaure
D:5:      layout_loops_ring, mainiacjoe_overflow_divided_tiny, serial_shops,
          shop_statue, gup_sewer_entry_glass, nicolae_take_the_stairs
D:6:      layout_loops_corners, nicolae_overflow_hidden_temple
D:7:      layout_gridville, minmay_temple_entry_offerings,
          minmay_misc_feat_rows, chequers_serial_rivers_small_3
D:8:      layout_basic, serial_shops, kennysheep_mini, uniq_maggie
D:9:      layout_long_grid, uniq_pikel
D:10:     layout_roguey [special_room_orc], grunt_temple_overflow_opulence
D:11:     layout_roguey, dpeg_lair_monsters, david_orc_2,
          gammafunk_ghost_mausoleum
Temple:   compressed_dpeg_triangle_lava_temple
Lair:1:   layout_cave_shapes, minmay_lair_oklob_chamber

Skill      XL: |  1  2  3  4  5  6  7  8  9 10 11 |
---------------+----------------------------------+-----
Stealth        | 2 3 4 5 6 7 |  7.6
Fighting       | 4 5 6 7 9 10 11 | 11.2
Dodging        | 4 5 6 8 10 | 10.2
Unarmed Combat | 4 5 6 8 10 | 10.3
Staves         | 8 |  8.6

Action                   |  1- 3 |  4- 6 |  7- 9 | 10-12 || total
-------------------------+-------+-------+-------+-------++-------
Melee: Unarmed           |    70 |   100 |   361 |   212 ||   743
       Headbutt          |    10 |    31 |    90 |   102 ||   233
       Punch             |     2 |     4 |    14 |    17 ||    37
       Quarterstaff      |       |       |       |   101 ||   101
Throw: Throwing net      |       |       |       |     2 ||     2
Invok: Lunge             |       |       |     5 |     4 ||     9
       Whirlwind         |       |       |     1 |    10 ||    11
 Abil: Wall Jump         |       |       |       |     3 ||     3
Evoke: Wand              |       |       |       |     1 ||     1
  Use: Scroll            |       |       |     4 |     4 ||     8
       Potion            |       |       |       |     1 ||     1
 Stab: Sleeping          |     2 |     5 |    28 |     1 ||    36
       Distracted        |     1 |       |     1 |     1 ||     3
Armor: Robe              |    15 |    21 |    27 |       ||    63
       Leather armour    |       |       |    41 |    11 ||    52
       Scale mail        |       |       |       |    47 ||    47
Dodge: Dodged            |    43 |    53 |   227 |   268 ||   591

Table legend: (Time is in decaauts)
 A = Elapsed time spent in this place.
 B = Non-inter-level travel time spent in this place.
 C = Inter-level travel time spent in this place.
 D = Time resting spent in this place.
 E = Time spent auto-exploring this place.
 F = Levels seen in this place.
 G = Mean time per level.
                   A        B        C        D        E       F      G
               +--------+--------+--------+--------+--------+-----+--------+
         Total |  16745 |  15662 |   1083 |   3776 |   8643 |  14 | 1196.1 |
       Dungeon |  15735 |  14662 |   1073 |   3702 |   7907 |  11 | 1430.5 |
        Temple |    361 |    351 |     10 |      0 |    346 |   1 |  361.0 |
          Lair |    110 |    110 |      0 |      9 |     45 |   1 |  110.0 |
         Sewer |    537 |    537 |      0 |     65 |    345 |   1 |  537.0 |
               +--------+--------+--------+--------+--------+-----+--------+

Top non-repeatable levels by time:
    D:10: 2046 daAuts
     D:1: 1860 daAuts
     D:9: 1824 daAuts
     D:6: 1802 daAuts
     D:5: 1624 daAuts
    D:11: 1206 daAuts
     D:8: 1183 daAuts
     D:3: 1183 daAuts
     D:4: 1163 daAuts
     D:7: 956 daAuts
     D:2: 883 daAuts
   Sewer: 537 daAuts
  Temple: 361 daAuts
  Lair:1: 110 daAuts
